 Dungeon Crawl Stone Soup version 0.23.1-37-gaa34b87 (webtiles) character file.

Game seed: 13819288920220231362

122 dhn the Covered (level 4, -1/40 HPs)
             Began as a Minotaur Fighter on Mar 26, 2019.
             Slain by Crazy Yiuf
             ... wielding a +3 quarterstaff of chaos
              (3 damage)
             ... while petrified by Crazy Yiuf
             ... on level 2 of the Dungeon.
             The game lasted 00:01:34 (1553 turns).

dhn the Covered (Minotaur Fighter)                  Turns: 1553, Time: 00:01:35

Health: -1/40      AC: 12    Str: 21    XL:     4   Next: 78%
Magic:  3/3        EV:  2    Int:  5    God:
Gold:   132        SH:  0    Dex: 10    Spells: 3/3 levels left

rFire    . . .     SeeInvis .   a - +0 war axe
rCold    . . .     Gourm    .   c - +0 shield
rNeg     + + +     Faith    .   o - +0 plate armour
rPois    ∞         Spirit   .   (helmet restricted)
rElec    .         Reflect  .   (no cloak)
rCorr    .         Harm     .   (no gloves)
MR       .....                  (no boots)
Stlth    ..........             (no amulet)
HPRegen  0.13/turn              (no ring)
MPRegen  0.08/turn              (no ring)

@: lethally poisoned (-1 -> -1), petrified, slowed
A: retaliatory headbutt, horns 2
a: no special abilities


You were on level 2 of the Dungeon.
You were not hungry.

You visited 1 branch of the dungeon, and saw 2 of its levels.

You collected 132 gold pieces.

Inventory:

Hand Weapons
 a - a +0 war axe (weapon)
Armour
 b - a +0 scale mail
 c - a +0 shield (worn)
 o - a +0 plate armour (worn)
Jewellery
 e - an uncursed amulet of magic regeneration {unknown}
Scrolls
 h - a scroll of identify {unknown}
 k - a scroll of teleportation {unknown}
 n - a scroll of immolation {unknown}
 s - a scroll of amnesia {unknown}
 t - a scroll of remove curse {unknown}
Potions
 d - a potion of might
 g - a potion of magic {unknown}
 i - a potion of invisibility {unknown}
 j - a potion of lignification {unknown}
 l - a potion of flight {unknown}
 m - a potion of brilliance {unknown}
 p - a potion of heal wounds {unknown}
 q - a potion of curing {unknown}
 r - a potion of degeneration {unknown}
Comestibles
 f - 2 rations


   Skills:
 + Level 4.2 Fighting
 + Level 3.9 Axes
 + Level 4.5 Armour
 + Level 0.5 Dodging
 + Level 4.5 Shields


You had 3 spell levels left.
You didn't know any spells.
Your spell library was empty.

Dungeon Overview and Level Annotations

Branches:
Dungeon (2/15)

Altars:
Nemelex Xobeh

Annotations:
D:2 Crazy Yiuf


Innate Abilities, Weirdness & Mutations

You reflexively headbutt those who attack you in melee.
You have a pair of horns on your head.


Message History

You hit Crazy Yiuf. You headbutt Crazy Yiuf.
Crazy Yiuf is almost dead.
You feel very sick.
Crazy Yiuf hits you with a +3 quarterstaff of chaos!
You suddenly lose the ability to move!
Crazy Yiuf hits you but does no damage.
You are slowing down.
Crazy Yiuf hits you with a +3 quarterstaff of chaos.
Crazy Yiuf freezes you.
Your limbs are stiffening.
* * * LOW HITPOINT WARNING * * *
You feel sick.
You have turned to stone.
Crazy Yiuf hits you with a +3 quarterstaff of chaos!
* * * LOW HITPOINT WARNING * * *
You feel yourself slow down. Crazy Yiuf completely misses you.
Crazy Yiuf hits you with a +3 quarterstaff of chaos.
* * * LOW HITPOINT WARNING * * *
Crazy Yiuf burns you.
* * * LOW HITPOINT WARNING * * *
Crazy Yiuf hits you with a +3 quarterstaff of chaos.
You die...

#.#####.# #.#
#####...# #.# ###
........#
#.###.....#.###.###.#
#.#######
#....................
#.# ######
#############.#####.#
#.# #....# #.# #.#
#.# #.#### #######.##
#.# #.# #.# ###
###.#...+..# #.#
#<###.#
#...##..#.......# #.#
#.....#
#...g@####......# #[#
####### #)..###
##..+.## #.# ###
###### #.# #.# #..
###################
###
..................#
###################


You could see Crazy Yiuf.

Vanquished Creatures
  Jessica (D:2)
  Terence (D:2)
  2 adders (D:2)
  3 worms (D:2)
  A leopard gecko (D:2)
  3 giant cockroaches
  4 goblins
  3 hobgoblins
  6 jackals (D:1)
  6 kobolds
  5 bats
  2 frilled lizards (D:1)
  8 rats
45 creatures vanquished.

Notes
Turn   | Place    | Note
-------+----------+-------------------------------------------
     0 | D:1      | dhn the Minotaur Fighter began the quest for the Orb.
     0 | D:1      | Reached XP level 1. HP: 19/19 MP: 0/0
    50 | D:1      | Reached XP level 2. HP: 16/27 MP: 1/1
   525 | D:2      | Reached XP level 3. HP: 21/33 MP: 2/2
   829 | D:2      | Found a sparkling altar of Nemelex Xobeh.
   855 | D:2      | Noticed Jessica
   859 | D:2      | Killed Jessica
   859 | D:2      | Reached XP level 4. HP: 35/40 MP: 3/3
   960 | D:2      | Noticed Terence
   966 | D:2      | Killed Terence
  1320 | D:2      | Found a runed translucent door.
  1321 | D:2      | Noticed Crazy Yiuf
  1547 | D:2      | Paralysed by Crazy Yiuf for 6 turns
  1552 | D:2      | HP: 2/40 [Crazy Yiuf/+3 quarterstaff of chaos (1)]
  1553 | D:2      | Slain by Crazy Yiuf

Skill      XL: |  1  2  3 |
---------------+----------+-----
Armour         | 4 |  4.5
Fighting       | 4 |  4.2
Axes           | 3 |  3.9
Shields        | 4 |  4.5
Dodging        | |  0.5

Action                   |  1- 3 |  4- 6 || total
-------------------------+-------+-------++-------
Melee: War axe           |    94 |    35 ||   129
       Headbutt          |    12 |     3 ||    15
  Eat: Ration            |       |     1 ||     1
Armor: Scale mail        |    41 |       ||    41
       Plate armour      |    16 |    20 ||    36
Dodge: Dodged            |    21 |     9 ||    30
Block: Shield            |    61 |    16 ||    77
